 Dungeon Crawl Stone Soup version 0.23-a0-137-gef0ad6d46f (webtiles) character file.

95 Napalmbreeze the Covered (level 4, -1/42 HPs)
             Began as a Deep Dwarf Fighter on Aug 29, 2018.
             Slain by a gnoll
             ... wielding a +0 spear
              (3 damage)
             ... on level 2 of the Dungeon.
             The game lasted 00:02:59 (983 turns).

Napalmbreeze the Covered (Deep Dwarf Fighter)        Turns: 983, Time: 00:03:00

Health: -1/42      AC:  7    Str: 20    XL:     4   Next: 40%
Magic:  4/4        EV:  8    Int:  8    God:
Gold:   25         SH:  9    Dex: 13    Spells: 5/5 levels left

rFire    . . .     SeeInvis .   a - +0 war axe
rCold    . . .     Gourm    .   c - +0 shield
rNeg     . . .     Faith    .   b - +0 scale mail
rPois    .         Spirit   .   (no helmet)
rElec    .         Reflect  .   (no cloak)
rCorr    .         Harm     .   (no gloves)
MR       .....                  (no boots)
Stlth    ..........             (no amulet)
HPRegen  0.00/turn              (no ring)
MPRegen  0.09/turn              (no ring)

@: non-regenerating
A: damage resistance, heal wounds, sense surroundings 1, no regeneration
a: Heal Wounds


You were on level 2 of the Dungeon.
You were hungry.

You visited 1 branch of the dungeon, and saw 2 of its levels.

You collected 25 gold pieces.

Inventory:

Hand Weapons
 a - a +0 war axe (weapon)
Armour
 b - a +0 scale mail (worn)
 c - a +0 shield (worn)
Jewellery
 m - a cursed +3 ring of protection {unknown}
Wands
 n - a wand of paralysis (13)
Scrolls
 e - a scroll of remove curse {unknown}
 i - 3 scrolls of teleportation {unknown}
 k - 2 scrolls of identify {unknown}
 p - a scroll of fog {unknown}
Potions
 d - a potion of might
 g - a potion of haste {unknown}
 h - 4 potions of heal wounds {unknown}
 l - a potion of degeneration {unknown}
 o - 2 potions of mutation {unknown}
Comestibles
 f - a ration
 j - 6 chunks of flesh


   Skills:
 + Level 3.1 Fighting
 * Level 3.5 Axes
 + Level 3.8 Armour
 + Level 1.6 Dodging
 - Level 3.2 Shields
 - Level 1.0 Spellcasting


You had 5 spell levels left.
You didn't know any spells.
Your spell library was empty.

Dungeon Overview and Level Annotations

Branches:
Dungeon (2/15)

Altars:
Ashenzari


Innate Abilities, Weirdness & Mutations

You are resistant to damage.
You can heal yourself by infusing magical energy.
You passively map a small area around you.
You do not regenerate.


Message History

The gnoll hits you but does no damage.
You hit the gnoll.
The gnoll is heavily wounded.
The gnoll hits you but does no damage.
The gnoll hits you from afar with a spear.
* * * LOW HITPOINT WARNING * * *
You block the gnoll's attack.
You hit the gnoll.
The gnoll is severely wounded.
The gnoll hits you from afar with a spear.
* * * LOW HITPOINT WARNING * * *
The gnoll hits you with a spear. The gnoll hits you but does no damage.
Your shield and scale mail prevent you from hitting the gnoll.
The gnoll is severely wounded.
The gnoll barely misses you. You block the gnoll's attack.
You hit the gnoll but do no damage.
The gnoll is severely wounded.
The gnoll hits you with a spear.
The gnoll hits you from afar with a spear.
You die...

########### #.........#
#.........# #.........#
#.........# #
#)........#
###.).......############
*
'...).).......(.@ggg....
####.....###############
.........# .........#
....######## * * )...#
####.., , ..).+ ..#.# *
....# #.#.# *
....####.#.# ** *


You could see 2 gnolls and a goblin.

Vanquished Creatures
  Ijyb (D:2)
  2 gnolls (D:2)
  An adder (D:2)
  An ooze (D:1)
  2 worms (D:2)
  A dart slug (D:1)
  A leopard gecko (D:1)
  An orc (D:2)
  3 bats
  7 goblins
  3 hobgoblins
  3 kobolds (D:1)
  A frilled lizard (D:2)
  3 rats (D:1)
30 creatures vanquished.

Notes
Turn   | Place    | Note
-------+----------+-------------------------------------------
     0 | D:1      | Napalmbreeze the Deep Dwarf Fighter began the quest for the
                  | Orb.
     0 | D:1      | Reached XP level 1. HP: 20/20 MP: 1/1
   165 | D:1      | Reached XP level 2. HP: 21/27 MP: 2/2
   326 | D:1      | Found a shattered altar of Ashenzari.
   718 | D:2      | Reached skill level 1 in Dodging
   718 | D:2      | Reached XP level 3. HP: 17/33 MP: 2/4
   801 | D:2      | Noticed Ijyb
   855 | D:2      | Paralysed by Ijyb for 3 turns
   864 | D:2      | Killed Ijyb
   864 | D:2      | Reached skill level 1 in Spellcasting
   905 | D:2      | Reached XP level 4. HP: 34/42 MP: 4/4
   981 | D:2      | HP: 2/42 [gnoll/spear (1)]
   983 | D:2      | Slain by a gnoll

Vault maps used:
D:1:      lightli_arrival_statue_moat, serial_forest,
          infiniplex_forest_straight_4, infiniplex_forest_join,
          infiniplex_forest_clump_curved, infiniplex_forest_straight_1,
          infiniplex_forest_end_double, infiniplex_forest_lined_ring,
          ashenzari_altar_1
D:2:      kennysheep_the_goblin_king

Skill      XL: |  1  2  3 |
---------------+----------+-----
Dodging        | 1 |  1.6
Axes           | 3 |  3.5
Fighting       | 3 |  3.1
Spellcasting   | 1 |  1.0
Armour         | |  3.8
Shields        | |  3.2

Action                   |  1- 3 |  4- 6 || total
-------------------------+-------+-------++-------
Melee: War axe           |   106 |    38 ||   144
 Abil: Heal Wounds       |     1 |     1 ||     2
Armor: Scale mail        |    50 |    15 ||    65
Dodge: Dodged            |    31 |    13 ||    44
Block: Shield            |    50 |    27 ||    77

Table legend:
 A = Non-vault XP
 B = Vault XP
 C = Vault XP percentage of total XP
 D = Non-vault monster count
 E = Vault monster count
 F = Vault count percentage of total count
                 A         B        C        D         E       F
            +---------+---------+-------+---------+---------+-------
      Total |      90 |      47 |  34.3 |      23 |       7 |  23.3
            +---------+---------+-------+---------+---------+-------
        D:1 |      29 |       0 |   0.0 |      13 |       0 |   0.0
        D:2 |      61 |      47 |  43.5 |      10 |       7 |  41.2
            +---------+---------+-------+---------+---------+-------
